 Dungeon Crawl Stone Soup version 0.22.1-1-ga44c0e5 (webtiles) character file.

385742 Lavandula the Executioner (level 21, -1/184 HPs)
             Began as a Centaur Berserker on Oct 25, 2018.
             Was a Priest of Makhleb.
             Killed from afar by an acid blob (6 damage)
             ... with a splash of acid
             ... created by the Royal Jelly
             ... on level 5 of the Pits of Slime on Oct 28, 2018.
             The game lasted 03:15:55 (25593 turns).

Lavandula the Executioner (Centaur Berserker)      Turns: 25593, Time: 03:15:56

Health: -1/184     AC: 17    Str: 27      XL:     21   Next: 65%
Magic:  0/33       EV: 34    Int:  5 (7)  God:    Makhleb [***...]
Gold:   73         SH:  0    Dex: 16      Spells: 13/29 levels left

rFire    . . .     SeeInvis .   n - +2 battleaxe (vamp)
rCold    . . .     Gourm    .   (shield currently unavailable)
rNeg     . . .     Faith    .   P - +4 moon troll leather armour {Spirit, Regen++ MP+5}
rPois    +         Spirit   +   C - +2 hat
rElec    +         Reflect  .   F - +2 cloak {rPois}
rCorr    +         Harm     .   V - +3 pair of gloves "Woux" {rElec}
MR       ++...                  h - +4 centaur barding
Stlth    +.........             s - amulet of the acrobat
HPRegen  1.60/turn              G - ring of protection from magic
MPRegen  0.23/turn              U - ring of resist corrosion

@: confused, agile, corroded, hasted (expiring), very quick
A: large, hooves 3, large bone plates 1, deformed body, speed 2, mutation
resistance 1, regeneration 1, tough skin 3
}: 3/15 runes: decaying, serpentine, silver
a: Minor Destruction, Lesser Servant of Makhleb, Renounce Religion


You were on level 5 of the Pits of Slime.
You worshipped Makhleb.
Makhleb was most pleased with you.
You were not hungry.

You visited 7 branches of the dungeon, and saw 40 of its levels.
You also visited: Volcano.

You collected 3827 gold pieces.
You spent 3754 gold pieces at shops.

Inventory:

Hand Weapons
 a - a +9 executioner's axe of electrocution
 i - a +2 antimagic executioner's axe
 n - a +2 vampiric battleaxe (weapon)
 X - a +2 demon trident of venom
Missiles
 g - 8 steel javelins (quivered)
 r - 2 throwing nets
Armour
 h - a +4 centaur barding (worn)
 z - a scarf of cloud immunity
 C - a +2 hat (worn)
 F - a +2 cloak of poison resistance (worn)
 N - +0 ice dragon scales
 P - the +4 moon troll leather armour (worn) {Spirit, Regen++ MP+5}
   (You found it on level 6 of the Lair of Beasts)

   It affects your magic capacity (+5).
   It increases your rate of regeneration.
 V - the +3 pair of gloves "Woux" (worn) {rElec}
   (You bought it in a shop on level 2 of the Orcish Mines)

   It insulates you from electricity.
Magical Staves
 R - an uncursed staff of energy
Jewellery
 k - an uncursed ring of protection from cold
 s - an amulet of the acrobat (around neck)
 G - a ring of protection from magic (left hand)
 Q - an uncursed ring of positive energy
 U - a ring of resist corrosion (right hand)
 Y - the ring of Xyfauplo {rPois rF+++ rN+ MP-9 Dex+3}
   (You found it on level 3 of the Swamp)

   [ring of positive energy]

   It affects your dexterity (+3).
   It renders you almost immune to fire.
   It protects you from poison.
   It protects you from negative energy.
   It affects your magic capacity (-9).
Wands
 j - a wand of iceblast (8)
 v - a wand of paralysis (34)
 y - a wand of polymorph (29)
 M - a wand of digging (9)
 T - a wand of enslavement (14)
 Z - a wand of acid (3)
Scrolls
 e - 5 scrolls of magic mapping
 m - 3 scrolls of blinking
 p - 3 scrolls of fog
 u - 10 scrolls of remove curse
 A - 3 scrolls of teleportation
 I - 2 scrolls of holy word
 J - a scroll of silence
 K - 2 scrolls of immolation
 O - a scroll of fear
Potions
 b - 2 potions of ambrosia
 d - 6 potions of resistance
 f - 3 potions of haste
 l - a potion of berserk rage
 t - 4 potions of heal wounds
 B - 2 potions of brilliance
 D - 2 potions of mutation
 L - a potion of cancellation {unknown}
 S - 3 potions of might
Miscellaneous
 q - a lightning rod (4/4)
 w - a phial of floods
 x - a lamp of fire
 H - a fan of gales
Comestibles
 c - 32 rations


   Skills:
 - Level 15.0 Fighting
 - Level 26.0 Axes
 - Level 3.1 Throwing
 - Level 7.2 Armour
 - Level 10.0 Dodging
 - Level 4.6 Spellcasting
 - Level 4.4 Charms
 - Level 4.6 Summonings
 + Level 3.5 Necromancy
 - Level 4.0 Invocations
 - Level 5.2 Evocations


You had 13 spell levels left.
You knew the following spells:

 Your Spells              Type           Power        Failure   Level  Hunger
a - Apportation           Tloc           #.....       36%         1    ##.....
b - Summon Butterflies    Summ           #.......     5%          1    ##.....
c - Spectral Weapon       Hex/Chrm       #.......     41%         3    ####...
d - Shroud of Golubria    Chrm/Tloc      #.........   22%         2    ###....
e - Statue Form           Tmut/Erth      #........    100%        6    #######
f - Regeneration          Chrm/Necr      #.........   22%         3    ####...

Your spell library contained the following spells:

 Spells                   Type           Power        Failure   Level  Hunger
 Infusion                 Chrm           #...         6%          1    ##.....
 Song of Slaying          Chrm           #.......     9%          2    ###....
 Corpse Rot               Necr           N/A          13%         2    ###....
 Sublimation of Blood     Necr           #.........   13%         2    ###....
 Magic Dart               Conj           #...         36%         1    ##.....
 Sandblast                Erth           #.....       36%         1    ##.....
 Ensorcelled Hibernation  Hex/Ice        #.....       50%         2    ###....
 Passwall                 Tmut/Erth      #.......     50%         2    ###....
 Throw Flame              Conj/Fire      #.....       50%         2    ###....
 Gell's Gravitas          Tloc           #.........   75%         3    ####...
 Lesser Beckoning         Tloc           #.........   75%         3    ####...
 Portal Projectile        Hex/Tloc       #.....       75%         3    ####...
 Static Discharge         Conj/Air       #.......     75%         3    ####...
 Stone Arrow              Conj/Erth      #.....       75%         3    ####...
 Tukima's Dance           Hex            #.......     75%         3    ####...
 Summon Ice Beast         Ice/Summ       #.......     82%         4    #####..
 Excruciating Wounds      Chrm/Necr      #.........   90%         5    ######.
 Agony                    Necr           #.......     94%         5    ######.
 Dispel Undead            Necr           #.......     94%         5    ######.
 Force Lance              Conj/Tloc      #.......     98%         4    #####..
 Leda's Liquefaction      Hex/Erth       #.........   98%         4    #####..
 Petrify                  Tmut/Erth      #.......     98%         4    #####..
 Throw Icicle             Conj/Ice       #.......     98%         4    #####..
 Bolt of Draining         Conj/Necr      #.........   99%         5    ######.
 Borgnjor's Vile Clutch   Necr/Erth      #.........   99%         5    ######.
 Iskenderun's Battlesphe  Conj/Chrm      #.......     99%         5    ######.
 Summon Forest            Summ/Tloc      #.........   99%         5    ######.
 Alistair's Intoxication  Tmut/Pois      #.......     100%        5    ######.
 Bolt of Magma            Conj/Fire/Erth #.........   100%        5    ######.
 Lee's Rapid Deconstruct  Erth           #.........   100%        5    ######.
 Silence                  Hex/Air        #.........   100%        5    ######.
 Venom Bolt               Conj/Pois      #.........   100%        5    ######.
 Darkness                 Hex            #.........   100%        6    #######
 Dispersal                Tloc           #.........   100%        6    #######
 Freezing Cloud           Conj/Ice/Air   #.........   100%        6    #######
 Hydra Form               Tmut           #.........   100%        6    #######
 Invisibility             Hex            #.......     100%        6    #######
 Iron Shot                Conj/Erth      #.........   100%        6    #######
 Shadow Creatures         Summ           N/A          100%        6    #######
 Orb of Destruction       Conj           #.........   100%        7    #######
 Spellforged Servitor     Conj/Summ      #.........   100%        7    #######
 Summon Hydra             Summ           #.........   100%        7    #######
 Controlled Blink         Tloc           N/A          100%        8    #######
 Disjunction              Tloc           #.........   100%        8    #######
 Shatter                  Erth           #.........   100%        9    #######


Dungeon Overview and Level Annotations

Branches:
Dungeon (14/15)            Temple (0/1) D:6            Lair (6/6) D:10
  Swamp (4/4) Lair:3        Snake (4/4) Lair:4        Slime (5/5) Lair:5
    Orc (2/2) D:10            Elf (0/3) Orc:2        Vaults (5/5) D:14
  Crypt (0/3) Vaults:3

Altars:
Fedhas
Hepliaklqana
Kikubaaqudgha
Makhleb
Okawaru
Ru
Sif Muna
Xom
Yredelemnul
Zin
The Shining One
Beogh
Jiyva

Shops:
D:11 :   Orc:2 [(:(:   Snake:1 =   Vaults:5 ?*%??}[

Annotations:
D:7 Joseph
D:12 Azrael
Snake:2 1 runed door, Fenisa's ghost, journeyman DDFi
Slime:5 Royal Jelly
Vaults:3 2 runed doors, Jaiteiro's ghost, adept TrWr


Innate Abilities, Weirdness & Mutations

You have hooves in place of feet.
Armour fits poorly on your strangely shaped body.
You cover ground very quickly.
You have extremely tough skin. (AC +3)
You are partially covered in large bone plates. (SH +4)
You are somewhat resistant to further mutation.
Your natural rate of healing is unusually fast.


Message History

Unknown command.
You're too confused!
Unknown command.
Okay, then.
Evoke which item? (* to show all) (? for menu, Esc to quit)
Okay, then.
You're too confused!
Unknown command.
The acid blob spits acid at you. The splash of acid hits you! You resist.
* * * LOW HITPOINT WARNING * * *
You are splashed with acid!
The acid burns!
You resist.
* * * LOW HITPOINT WARNING * * *
Unknown command.
You are splashed with acid!
The wall burns you! You resist.
* * * LOW HITPOINT WARNING * * *
The death ooze barely misses you. The death ooze completely misses you.
The acid blob spits acid at you. The splash of acid hits you! You resist.
You die...

### #######.#### ##.##.#.....##
####.#....#.....##
######.#JJ.@..........##
##.#..#...JJ...<........#
#..........G............##.
#..........J................
####.......G....................
##...............................
#................................
#................................
#................................


You could see the Royal Jelly, 2 acid blobs, an azure jelly, a death ooze and 2
golden eyes.

Vanquished Creatures
  An ancient lich (Vaults:4)
  Saint Roka (Vaults:3)
  2 golden dragons
  Rupert (D:12)
  4 tentacled monstrosities (Vaults:5)
  The ghost of 1player the Peltast, an adept HaFi of Okawaru (Swamp:3)
  5 titans (Vaults:5)
  A lich (Vaults:5)
  An ancient champion (Vaults:3)
  4 quicksilver dragons
  5 tengu reavers
  9 acid blobs
  2 sphinxes
  7 shadow dragons
  2 thorn hunters (Swamp:4)
  2 storm dragons (Vaults:5)
  4 azure jellies
  6 nagarajas
  3 iron dragons
  4 fire giants
  3 deep elf sorcerers
  4 frost giants
  A ghoul (Vaults:2)
  A deep elf elementalist (Vaults:5)
  The ghost of Oddysee the Champion of Chaos, a journeyman DDFi of Makhleb (Orc:2)
  The ghost of emiel the Cleaver, a journeyman HOFE of Cheibriados (Orc:2)
  The ghost of ThePrince the Markscentaur, a journeyman CeHu of Gozag (Orc:2)
  2 orc warlords
  10 vault wardens
  6 stone giants
  10 ironheart preservers
  The ghost of Bodigarde the Brawler, a journeyman TrBe of Trog (Orc:2)
  An entropy weaver (shapeshifter) (Vaults:4)
  14 very ugly things
  3 entropy weavers
  4 deep elf demonologists
  3 deep elf annihilators
  6 ettins
  2 deep elf death magi
  A deep elf high priest (Vaults:5)
  A fire dragon (Vaults:3)
  The ghost of Turgon the Spear-Bearer, a journeyman OpFi of Ashenzari (Orc:2)
  5 great orbs of eyes
  32 vault guards
  4 ice dragons
  13 naga warriors
  15 yaktaur captains
  Harold (D:7)
  2 catoblepae (Lair:6)
  3 rakshasas
  16 hydras
  Erica (D:11)
  2 alligators
  6 centaur warriors
  4 death knights
  24 two-headed ogres
  4 anacondas
  11 ogre magi
  6 death yaks
  A queen ant (Lair:6)
  2 orc high priests (Orc:2)
  A deep troll earth mage (Vaults:4)
  16 naga sharpshooters
  4 shock serpents
  6 deep elf knights
  A skeletal warrior (Vaults:2)
  A shadow wraith (Vaults:4)
  3 salamander mystics
  A fire crab (shapeshifter) (Vaults:5)
  3 glowing orange brains
  8 swamp dragons
  A flayed ghost (Vaults:3)
  3 unseen horrors
  A wizard (Vaults:3)
  3 deep elf archers
  2 spriggan druids
  4 naga ritualists (Snake:4)
  7 deep trolls
  A lindwurm (shapeshifter) (Vaults:1)
  11 ironbrand convokers
  2 spectral hydras (Swamp:3)
  A glowing orange brain (shapeshifter) (Vaults:5)
  13 orc knights
  17 deep elf magi
  A spectral alligator (Swamp:3)
  7 phantasmal warriors
  5 mana vipers
  2 orc sorcerers
  2 wolf spiders
  2 manticores (Lair:6)
  6 cyclopes
  13 salamanders
  9 ugly things
  A moth of wrath (shapeshifter) (Vaults:4)
  8 elephants (Lair:6)
  3 shining eyes
  2 guardian serpents
  25 black mambas
  8 vault sentinels
  27 naga magi
  2 eyes of devastation (Slime:5)
  3 gargoyles
  2 torpor snails
  A rime drake (shapeshifter) (Vaults:5)
  3 centaur skeletons
  9 spiny frogs
  2 rime drakes (Swamp:4)
  4 komodo dragons
  2 kobold demonologists
  7 freezing wraiths
  22 yaktaurs
  A yaktaur (shapeshifter) (Vaults:4)
  3 tengu conjurers
  7 trolls
  A queen bee (D:11)
  4 tyrant leeches
  A merfolk (shapeshifter) (Vaults:5)
  A polar bear (shapeshifter) (Vaults:1)
  4 polar bears
  A tyrant leech (shapeshifter) (Vaults:4)
  3 hornets
  12 blink frogs
  8 hippogriffs
  8 dream sheep (Lair:6)
  A raiju (shapeshifter) (Vaults:5)
  37 slime creatures
  A dream sheep (shapeshifter) (Vaults:5)
  A bog body (Swamp:1)
  A spectral tyrant leech (Swamp:3)
  3 redbacks (Vaults:3)
  A shadow (Swamp:4)
  3 wraiths
  40 yaks
  A yak (shapeshifter) (Vaults:3)
  4 basilisks
  2 fire elementals
  A human (D:14)
  5 golden eyes (Slime:5)
  2 hungry ghosts
  A steam dragon (D:10)
  A human simulacrum (Vaults:2)
  5 vampire mosquitoes
  5 insubstantial wisps (Swamp:4)
  7 wargs
  51 nagas
  A spectral spiny frog (Swamp:3)
  4 swamp worms
  An acid dragon (Vaults:2)
  A hydra simulacrum (Swamp:3)
  24 soldier ants (Lair:6)
  8 water moccasins
  3 porcupines
  4 swamp drakes
  37 orc warriors
  A spectral hornet (Swamp:3)
  A black bear (D:12)
  2 sky beasts
  4 eyes of draining
  4 ice beasts
  A phantom (D:7)
  3 boggarts (Vaults:1)
  2 necrophages
  26 ogres
  14 centaurs
  5 big kobolds
  5 crocodiles
  A bullfrog (shapeshifter) (Vaults:1)
  9 bullfrogs
  8 gnoll sergeants
  A spiny frog simulacrum (Swamp:3)
  5 scorpions
  23 killer bees
  4 wights
  A howler monkey (D:7)
  An electric eel (Lair:3)
  A vampire bat (D:9)
  8 crimson imps
  11 hounds
  6 jellies
  23 orc priests
  30 orc wizards
  4 iguanas
  A gnoll shaman (D:9)
  Natasha (twice) (D:3)
  14 worker ants
  2 hound zombies
  A howler monkey zombie (D:6)
  14 adders
  16 gnolls
  A shadow imp (D:2)
  A white imp (D:9)
  5 oozes (D:9)
  An adder skeleton (D:8)
  3 worms
  2 dart slugs
  5 leopard geckos
  112 orcs
  9 giant cockroaches
  2 hobgoblins
  17 jackals
  3 quokkas
  15 bats
  A frilled lizard (D:3)
  5 goblins
  2 goblin skeletons (D:9)
  2 goblin zombies (D:9)
  3 hobgoblin zombies (D:9)
  21 kobolds
  A kobold zombie (D:9)
  An orc skeleton (D:9)
  An orc zombie (D:9)
  2 quokka skeletons
  3 rats
  7 fungi
  2 plants
1373 creatures vanquished.

Vanquished Creatures (collateral kills)
  Sojobo (Vaults:4)
  An acid blob (Slime:4)
  Agnes (Snake:2)
  A nagaraja (Snake:2)
  A deep elf sorcerer (Vaults:4)
  Louise (Snake:2)
  An ironheart preserver (Vaults:4)
  A deep elf annihilator (Vaults:4)
  A deep elf high priest (Vaults:5)
  A vault guard (Vaults:4)
  A hydra (Lair:6)
  A two-headed ogre (Volcano)
  A deep elf knight (Vaults:4)
  A deep elf mage (Vaults:4)
  A shining eye (Slime:4)
  2 vault sentinels (Vaults:4)
  2 yaktaurs (Vaults:5)
  A naga (Snake:2)
  2 gnoll sergeants (D:9)
  A killer bee (D:9)
  An orc (Vaults:4)
24 creatures vanquished.

Vanquished Creatures (others)
  An ironheart preserver (Vaults:5)
  A naga ritualist (Snake:4)
  A deep elf mage (Vaults:5)
  A naga mage (Snake:4)
  A yaktaur (Vaults:5)
  A rime drake (Swamp:4)
  A freezing wraith (Vaults:4)
  A killer bee (D:9)
  A hound (D:9)
  A giant cockroach (D:6)
  9 briar patches (Swamp:4)
  3 fungi
  6 plants
28 creatures vanquished.

Grand Total: 1425 creatures vanquished

Notes
Turn   | Place    | Note
-------+----------+-------------------------------------------
     0 | D:1      | Lavandula the Centaur Berserker began the quest for the
                  | Orb.
     0 | D:1      | Reached XP level 1. HP: 19/19 MP: 1/1
   104 | D:2      | Reached skill level 3 in Axes
   104 | D:2      | Reached XP level 2. HP: 26/26 MP: 2/2
   119 | D:2      | Reached XP level 3. HP: 24/31 MP: 3/3
   263 | D:2      | Found a hazy altar of Hepliaklqana.
   406 | D:2      | Reached skill level 4 in Axes
   406 | D:2      | Reached XP level 4. HP: 25/38 MP: 4/4
   538 | D:3      | Reached ** piety under Trog
   547 | D:3      | Found an iron altar of Okawaru.
   584 | D:3      | Found a sacrificial altar of Ru.
   786 | D:3      | Noticed Natasha
   792 | D:3      | Killed Natasha
   792 | D:3      | Reached XP level 5. HP: 41/45 MP: 5/5
   868 | D:4      | Noticed an ogre
   874 | D:4      | Killed an ogre
   874 | D:4      | Reached skill level 5 in Axes
   966 | D:3      | Reached XP level 6. HP: 42/51 MP: 6/6
  1005 | D:3      | Noticed Natasha
  1014 | D:3      | Killed Natasha
  1014 | D:3      | Reached skill level 6 in Axes
  1027 | D:4      | Found an ancient bone altar of Kikubaaqudgha.
  1039 | D:4      | Found a burning altar of Makhleb.
  1184 | D:4      | Reached skill level 1 in Throwing
  1627 | D:5      | Entered Level 5 of the Dungeon
  1781 | D:5      | Reached XP level 7. HP: 43/57 MP: 7/7
  1930 | D:5      | Reached skill level 7 in Axes
  1931 | D:5      | Reached *** piety under Trog
  2183 | D:6      | Found a staircase to the Ecumenical Temple.
  2286 | D:5      | Found a basalt altar of Yredelemnul.
  2340 | D:6      | Reached skill level 8 in Axes
  2480 | D:6      | Reached XP level 8. HP: 47/63 MP: 8/8
  2598 | D:6      | You fall through a shaft for 2 floors!
  2632 | D:8      | Reached skill level 9 in Axes
  2814 | D:7      | Noticed Joseph
  2889 | D:9      | Noticed a two-headed ogre
  2892 | D:9      | Noticed a two-headed ogre
  2900 | D:9      | Killed a two-headed ogre
  2900 | D:9      | Reached skill level 10 in Axes
  2900 | D:9      | Reached XP level 9. HP: 63/70 MP: 9/9
  2909 | D:9      | Killed a two-headed ogre
  2909 | D:9      | Reached skill level 11 in Axes
  2970 | D:9      | Reached **** piety under Trog
  2977 | D:9      | Found a glowing golden altar of the Shining One.
  3173 | D:9      | Noticed a troll
  3187 | D:9      | Killed a troll
  3187 | D:9      | Reached skill level 12 in Axes
  3188 | D:9      | Received a gift from Trog
  3442 | D:8      | Reached XP level 10. HP: 47/77 MP: 10/10
  3508 | D:8      | Found a glowing silver altar of Zin.
  3805 | D:9      | Received a gift from Trog
  3805 | D:9      | Reached skill level 13 in Axes
  3899 | D:10     | Entered Level 10 of the Dungeon
  3921 | D:10     | Killed an unseen horror
  4147 | D:10     | Found a staircase to the Orcish Mines.
  4151 | D:10     | Reached skill level 14 in Axes
  4156 | D:10     | Received a gift from Trog
  4234 | Orc:1    | Entered Level 1 of the Orcish Mines
  4234 | Orc:1    | Noticed a cyclops
  4240 | Orc:1    | Killed a cyclops
  4244 | Orc:1    | Reached XP level 11. HP: 64/82 MP: 11/11
  4463 | Orc:1    | Received a gift from Trog
  4476 | D:10     | Reached skill level 15 in Axes
  4660 | D:12     | Paralysed by a hornet for 1 turns
  4673 | D:12     | Noticed a death knight
  4675 | D:12     | Reached ***** piety under Trog
  4675 | D:12     | Reached skill level 5 in Fighting
  4687 | D:11     | Killed an unseen horror
  4723 | D:11     | Found Gihokk's Book Emporium.
  4816 | D:12     | Found a deep blue altar of Sif Muna.
  4875 | D:12     | Noticed Rupert
  4900 | D:12     | Killed Rupert
  4907 | D:12     | Received a gift from Trog
  4956 | D:14     | Noticed an orc knight
  5106 | D:12     | Noticed Azrael
  5269 | D:11     | Killed an unseen horror
  5324 | D:11     | Noticed Erica
  5335 | D:11     | Killed Erica
  5335 | D:11     | Reached XP level 12. HP: 102/102 MP: 12/12
  5645 | Orc:1    | Noticed an orc warlord
  5700 | D:10     | Reached skill level 16 in Axes
  5806 | D:10     | Killed an orc warlord
  5863 | Orc:1    | Received a gift from Trog
  6250 | Orc:2    | Entered Level 2 of the Orcish Mines
  6262 | Orc:2    | Noticed an orc high priest
  6271 | Orc:2    | Killed an orc high priest
  6274 | Orc:2    | Noticed a two-headed ogre
  6367 | Orc:2    | Killed a two-headed ogre
  6444 | Orc:2    | Found a dark tunnel.
  6452 | Volcano  | Entered a volcano
  6455 | Volcano  | Noticed a two-headed ogre
  6465 | Volcano  | Killed a two-headed ogre
  6478 | Volcano  | Noticed a two-headed ogre
  6479 | Volcano  | Noticed a two-headed ogre
  6486 | Volcano  | Killed a two-headed ogre
  6500 | Volcano  | Killed a two-headed ogre
  6500 | Volcano  | Reached skill level 5 in Armour
  6517 | Volcano  | Noticed a two-headed ogre
  6517 | Volcano  | Noticed an ogre mage
  6528 | Volcano  | Killed a two-headed ogre
  6533 | Volcano  | Killed an ogre mage
  6627 | Orc:2    | Found a roughly hewn altar of Beogh.
  6696 | Orc:2    | Noticed an orc warlord
  6729 | Orc:2    | Killed an orc warlord
  6971 | Orc:2    | Found a roughly hewn altar of Beogh.
  7043 | Orc:2    | Found Zutruwegg's Book Shoppe.
  7085 | Orc:2    | Found a roughly hewn altar of Beogh.
  7089 | Orc:2    | Found Ufapnuz's Book Shop.
  7097 | Orc:2    | Reached XP level 13. HP: 111/111 MP: 13/13
  7140 | Orc:2    | Found a runed gate.
  7140 | Orc:2    | Found a runed gate.
  7140 | Orc:2    | Found a runed gate.
  7140 | Orc:2    | Noticed Oddysee's ghost (journeyman DDFi)
  7141 | Orc:2    | Noticed Bodigarde's ghost (journeyman TrBe)
  7141 | Orc:2    | Noticed emiel's ghost (journeyman HOFE)
  7141 | Orc:2    | Noticed ThePrince's ghost (journeyman CeHu)
  7141 | Orc:2    | Noticed Turgon's ghost (journeyman OpFi)
  7236 | Orc:2    | Found Moshuded's Antique Armour Emporium.
  7298 | Orc:2    | Found a roughly hewn altar of Beogh.
  7301 | Orc:2    | Found Evygitti's Antique Weapon Shoppe.
  7312 | Orc:2    | Bought a pair of slimy gloves for 313 gold pieces
  7312 | Orc:2    | Bought a heavily runed leather armour for 231 gold pieces
  7322 | Orc:2    | Identified the +3 pair of gloves "Woux" {rElec} (You bought
                  | it in a shop on level 2 of the Orcish Mines)
  7353 | Orc:2    | Identified the +0 leather armour of the Farrier {Str-4
                  | Dex+6 Slay+2} (You bought it in a shop on level 2 of the
                  | Orcish Mines)
  7430 | Orc:2    | Found a roughly hewn altar of Beogh.
  7444 | Orc:2    | Reached skill level 5 in Dodging
  7445 | Orc:2    | Found Laizazuit's Weapon Emporium.
  7645 | D:9      | Received a gift from Trog
  8180 | D:10     | Found a staircase to the Lair.
  8289 | Lair:1   | Entered Level 1 of the Lair of Beasts
  8395 | Lair:3   | Received a gift from Trog
  8451 | Lair:3   | Found a staircase to the Swamp.
  8731 | Lair:6   | Entered Level 6 of the Lair of Beasts
  9255 | Lair:6   | Reached skill level 17 in Axes
  9263 | Lair:6   | Reached XP level 14. HP: 118/118 MP: 14/14
  9387 | Lair:6   | Received a gift from Trog
  9633 | Lair:6   | Found the +4 moon troll leather armour {Spirit, Regen++
                  | MP+5}
  9870 | Lair:6   | Reached ****** piety under Trog
  9882 | Lair:6   | Noticed an entropy weaver
  9890 | Lair:6   | Noticed an entropy weaver
 10268 | Lair:6   | Killed an entropy weaver
 10268 | Lair:6   | Reached skill level 18 in Axes
 10363 | Lair:6   | Killed an entropy weaver
 10509 | Lair:4   | Found a staircase to the Snake Pit.
 10594 | Lair:4   | Got a turquoise-encrusted scale mail
 10635 | Lair:4   | Identified the +9 scale mail of Bedevilment {+Blink rPois
                  | Str-4 Dex-2} (You found it on level 4 of the Lair of
                  | Beasts)
 10689 | Swamp:1  | Entered Level 1 of the Swamp
 11332 | Swamp:4  | Entered Level 4 of the Swamp
 11651 | Snake:1  | Entered Level 1 of the Snake Pit
 11718 | Snake:1  | Found Duwiwiho's Jewellery Shoppe.
 12039 | Snake:2  | Noticed Agnes
 12053 | Snake:2  | Killed Agnes
 12227 | Snake:1  | Received a gift from Trog
 12250 | Snake:2  | Noticed Louise
 12250 | Snake:2  | Noticed a nagaraja
 12273 | Snake:2  | Killed Louise
 12276 | Snake:2  | Killed a nagaraja
 12334 | Snake:2  | Reached XP level 15. HP: 101/124 MP: 15/15
 12413 | Snake:2  | Received a gift from Trog
 12682 | Snake:3  | Reached skill level 19 in Axes
 12795 | Snake:2  | Found a runed door.
 12796 | Snake:2  | Found a shimmering altar of Xom.
 12796 | Snake:2  | Noticed Fenisa's ghost (journeyman DDFi)
 13350 | Snake:3  | Noticed a nagaraja
 13379 | Snake:3  | Killed a nagaraja
 13620 | Snake:4  | Entered Level 4 of the Snake Pit
 13698 | Snake:3  | Received a gift from Trog
 13791 | Snake:3  | Reached skill level 20 in Axes
 14392 | Snake:4  | Noticed a nagaraja
 14525 | Snake:4  | Noticed a nagaraja
 14543 | Snake:4  | Killed a nagaraja
 14582 | Snake:4  | Noticed a nagaraja
 14627 | Snake:4  | Killed a nagaraja
 14627 | Snake:4  | Reached XP level 16. HP: 80/132 MP: 16/16
 14964 | Snake:4  | Received a gift from Trog
 14974 | Snake:4  | Reached skill level 21 in Axes
 15575 | Snake:4  | Identified a scroll of acquirement
 15577 | Snake:4  | Got a blackened hat
 15662 | Snake:4  | Identified the +0 hat of the Ageless Realms {rElec Int-4
                  | Stlth+} (You acquired it on level 4 of the Snake Pit)
 15732 | Snake:4  | Received a gift from Trog
 15874 | Snake:4  | Got a serpentine rune of Zot
 16688 | D:14     | Reached skill level 22 in Axes
 16695 | D:14     | Found a gate to the Vaults.
 16710 | Vaults:1 | Entered Level 1 of the Vaults
 17043 | Vaults:1 | Received a gift from Trog
 17071 | Vaults:1 | Reached XP level 17. HP: 94/137 MP: 12/17
 17266 | Vaults:1 | Received a gift from Trog
 17664 | Vaults:2 | Reached skill level 23 in Axes
 17876 | Vaults:3 | Noticed Saint Roka
 17930 | Vaults:3 | Killed Saint Roka
 17986 | Vaults:3 | Received a gift from Trog
 18473 | Vaults:3 | Found a staircase to the Crypt.
 18587 | Vaults:4 | Reached XP level 18. HP: 114/147 MP: 11/18
 18600 | Vaults:4 | Reached skill level 10 in Fighting
 18603 | Vaults:4 | Received a gift from Trog
 18608 | Vaults:4 | HP: 5/148 [deep troll[an ironheart preserver] (3)]
 18608 | Vaults:4 | HP: 2/148 [deep troll[an ironheart preserver] (3)]
 19062 | Vaults:3 | Found a large runed door.
 19062 | Vaults:3 | Found a large runed door.
 19062 | Vaults:3 | Noticed Jaiteiro's ghost (adept TrWr)
 19316 | Vaults:4 | Reached skill level 24 in Axes
 19323 | Vaults:4 | Reached skill level 1 in Evocations
 19408 | Vaults:4 | Gained mutation: You are partially covered in large bone
                  | plates. (SH +4) [potion of mutation]
 19408 | Vaults:4 | Gained mutation: Your natural rate of healing is unusually
                  | fast. [potion of mutation]
 19408 | Vaults:4 | Gained mutation: You are somewhat resistant to further
                  | mutation. [potion of mutation]
 19545 | Vaults:4 | Received a gift from Trog
 19599 | Vaults:4 | Reached skill level 5 in Evocations
 19642 | Vaults:5 | Entered Level 5 of the Vaults
 19803 | Vaults:5 | Noticed a tentacled monstrosity
 19807 | Vaults:5 | Noticed a tentacled monstrosity
 19854 | Vaults:5 | Killed a tentacled monstrosity
 19859 | Vaults:5 | Killed a tentacled monstrosity
 19863 | Vaults:5 | Reached XP level 19. HP: 160/160 MP: 16/22
 19921 | Vaults:5 | Noticed a golden dragon
 19936 | Vaults:4 | Killed a golden dragon
 20056 | Vaults:4 | Received a gift from Trog
 20254 | Vaults:4 | Reached skill level 25 in Axes
 20448 | Vaults:4 | Noticed Sojobo
 20513 | Vaults:4 | Killed Sojobo
 20802 | Vaults:5 | Noticed an ancient lich
 20834 | Vaults:4 | Killed an ancient lich
 20995 | Vaults:5 | Reached skill level 26 in Axes
 21017 | Vaults:5 | Reached XP level 20. HP: 144/169 MP: 11/23
 21060 | Vaults:5 | Found Hoprom's Food Boutique.
 21195 | Vaults:5 | Noticed an ancient lich
 21360 | Vaults:5 | Found Nuinn's Magic Scroll Shoppe.
 21364 | Vaults:5 | Bought a scroll of fear for 63 gold pieces
 21364 | Vaults:5 | Bought a scroll of enchant weapon for 135 gold pieces
 21364 | Vaults:5 | Bought a scroll of blinking for 135 gold pieces
 21364 | Vaults:5 | Bought a scroll of teleportation for 54 gold pieces
 21364 | Vaults:5 | Bought a scroll of identify for 36 gold pieces
 21416 | Vaults:5 | Received a gift from Trog
 21455 | Vaults:5 | Found Woameox's Magic Scroll Emporium.
 21477 | Vaults:5 | Bought a scroll of teleportation for 42 gold pieces
 21477 | Vaults:5 | Bought a scroll of fog for 28 gold pieces
 21477 | Vaults:5 | Bought a scroll of silence for 105 gold pieces
 21477 | Vaults:5 | Bought a scroll of identify for 28 gold pieces
 21560 | Vaults:5 | Noticed a golden dragon
 21672 | Vaults:5 | Killed a golden dragon
 21795 | Vaults:5 | Found Meahisan's Antique Armour Emporium.
 21800 | Vaults:5 | Bought an embroidered hat for 196 gold pieces
 21800 | Vaults:5 | Bought an embroidered cloak for 210 gold pieces
 21832 | Vaults:5 | Found Urhe's Gadget Boutique.
 21944 | Vaults:5 | Reached skill level 10 in Dodging
 21973 | Vaults:5 | Got a silver rune of Zot
 22017 | Vaults:5 | Bought a wand of digging (10) for 364 gold pieces
 22088 | Vaults:5 | Received a gift from Trog
 22153 | Vaults:5 | Found Exatusch's Assorted Antiques.
 22155 | Vaults:5 | Found Bykiesav's Magic Scroll Shoppe.
 22164 | Vaults:5 | Bought a potion of heal wounds for 185 gold pieces
 22164 | Vaults:5 | Bought a potion of agility for 148 gold pieces
 22169 | Vaults:5 | Bought a scroll of immolation for 56 gold pieces
 22652 | Orc:2    | Bought a book of the Earth for 1105 gold pieces
 22667 | Orc:2    | Killed emiel's ghost
 22671 | Orc:2    | Killed Turgon's ghost
 22674 | Orc:2    | Killed Oddysee's ghost
 22674 | Orc:2    | Killed Bodigarde's ghost
 22675 | Orc:2    | Killed ThePrince's ghost
 22675 | Orc:2    | Reached skill level 15 in Fighting
 22695 | Orc:2    | Identified the Almanac of Congealing Battle Magic
 22746 | Orc:2    | Received a gift from Trog
 22924 | D:4      | Found a blossoming altar of Fedhas.
 22984 | D:4      | Fell from the grace of Trog
 22984 | D:4      | Became a worshipper of Makhleb the Destroyer
 22985 | D:4      | fuck
 22985 | D:4      | should've chosen TSO
 22987 | D:4      | Learned a level 1 spell: Apportation
 22989 | D:4      | Learned a level 1 spell: Summon Butterflies
 22993 | D:4      | Learned a level 3 spell: Spectral Weapon
 22996 | D:4      | Learned a level 2 spell: Shroud of Golubria
 23003 | D:4      | Learned a level 6 spell: Statue Form
 23217 | D:7      | Noticed Harold
 23232 | D:7      | Killed Harold
 23378 | Lair:3   | Reached skill level 1 in Spellcasting
 23419 | Snake:1  | Bought an uncursed ring of resist corrosion for 320 gold
                  | pieces
 23600 | Swamp:3  | Found a runed gate.
 23600 | Swamp:3  | Found a runed gate.
 23600 | Swamp:3  | Found a runed gate.
 23600 | Swamp:3  | Noticed 1player's ghost (adept HaFi)
 23695 | Swamp:3  | Killed 1player's ghost
 23695 | Swamp:3  | Reached XP level 21. HP: 182/184 MP: 24/24
 23705 | Swamp:3  | Reached * piety under Makhleb
 23734 | Swamp:3  | Got a polished helmet
 23740 | Swamp:3  | Identified the -7 helmet "Goanega" {rPois} (You found it on
                  | level 3 of the Swamp)
 23757 | Swamp:3  | Got a flickering steel ring
 23759 | Swamp:3  | Identified the ring of Xyfauplo {rPois rF+++ rN+ MP-9
                  | Dex+3} (You found it on level 3 of the Swamp)
 24207 | Swamp:4  | Got a decaying rune of Zot
 24232 | Swamp:4  | Learned a level 3 spell: Regeneration
 24255 | Swamp:4  | Reached ** piety under Makhleb
 24654 | Lair:5   | Found a runed door.
 24654 | Lair:5   | Found a viscous altar of Jiyva.
 24654 | Lair:5   | Found a staircase to the Slime Pits.
 24664 | Lair:5   | Reached skill level 1 in Summonings
 24670 | Slime:1  | Entered Level 1 of the Pits of Slime
 24963 | Slime:3  | Reached skill level 1 in Charms
 25011 | Slime:4  | Reached *** piety under Makhleb
 25036 | Slime:5  | Entered Level 5 of the Pits of Slime
 25136 | Slime:5  | Reached skill level 1 in Necromancy
 25206 | Slime:5  | Found a viscous altar of Jiyva.
 25212 | Slime:5  | Found the ring of Shadows {Umbra +Inv Stlth+}
 25360 | Slime:4  | Paralysed by a great orb of eyes for 7 turns
 25511 | Slime:5  | Noticed the Royal Jelly
 25592 | Slime:5  | HP: 6/184 [acid[the Royal Jelly] (5)]
 25593 | Slime:5  | Killed from afar by an acid blob

Skill      XL: |  1  2  3  4  5  6  7  8  9 10 11 12 13 14 15 16 17 18 19 20 21 |
---------------+----------------------------------------------------------------+-----
Axes           | 3 4 5 6 8 10 12 14 15 16 17 18 20 22 23 24 26 | 26.0
Throwing       | 3 |  3.1
Fighting       | 8 9 12 15 | 15.0
Dodging        | 4 7 10 | 10.0
Armour         | 5 7 |  7.2
Evocations     | 5 |  5.2
Spellcasting   | 1 4 |  4.6
Invocations    | 2 4 |  4.0
Summonings     | 4 |  4.6
Charms         | 4 |  4.4
Necromancy     | 3 |  3.5

Action                   |  1- 3 |  4- 6 |  7- 9 | 10-12 | 13-15 | 16-18 | 19-21 || total
-------------------------+-------+-------+-------+-------+-------+-------+-------++-------
Melee: Hand axe          |    70 |   128 |   268 |    83 |       |       |       ||   549
       Kick              |    13 |    19 |    75 |   161 |   365 |   271 |   532 ||  1436
       Broad axe         |       |       |       |   497 |   682 |       |       ||  1179
       Battleaxe         |       |       |       |       |   304 |    22 |  1047 ||  1373
       Trident           |       |       |       |       |    92 |       |       ||    92
       Demon trident     |       |       |       |       |    39 |       |       ||    39
       Executioner's axe |       |       |       |       |   142 |   866 |   197 ||  1205
 Fire: Hunting sling     |     5 |    42 |    31 |       |       |       |       ||    78
       Blowgun           |       |       |       |     4 |     6 |     2 |     3 ||    15
Throw: Throwing net      |       |     1 |       |       |       |       |       ||     1
       Javelin           |       |       |       |       |       |     1 |       ||     1
Invok: Berserk           |     4 |     2 |     8 |    24 |    28 |    15 |    15 ||    96
       Trog's Hand       |       |     3 |     3 |    13 |    12 |    29 |    14 ||    74
       Brothers in Arms  |       |       |     1 |     2 |     3 |     3 |     2 ||    11
       Lesser Servant of |       |       |       |       |       |       |     1 ||     1
 Abil: Evoke Blink       |       |       |       |       |     1 |       |       ||     1
Evoke: Wand              |       |       |       |     6 |     3 |     2 |     5 ||    16
       Phial of floods   |       |       |       |       |       |     1 |     1 ||     2
       Lamp of fire      |       |       |       |       |       |       |     2 ||     2
  Use: Scroll            |       |     6 |     8 |     5 |    14 |    13 |    14 ||    60
       Potion            |       |       |       |     2 |     2 |     4 |    10 ||    18
 Stab: Petrified         |       |       |       |       |     5 |       |       ||     5
       Paralysed         |       |       |       |       |     2 |       |       ||     2
       Distracted        |       |       |       |       |       |       |     1 ||     1
  Eat: Chunk             |       |     8 |     8 |    23 |    41 |    25 |    18 ||   123
       Ration            |       |       |     1 |     7 |     5 |     7 |    13 ||    33
Armor: Animal skin       |    42 |    11 |       |       |       |       |       ||    53
       Ring mail         |       |    51 |     9 |       |       |       |       ||    60
       Robe              |       |       |   116 |       |       |       |       ||   116
       Troll leather arm |       |       |       |   274 |   317 |   363 |   777 ||  1731
       Scale mail        |       |       |       |     8 |   397 |    73 |       ||   478
Dodge: Dodged            |    58 |    61 |   111 |   291 |   561 |   375 |   655 ||  2112
Block: Other             |       |       |       |       |     6 |    18 |   151 ||   175
